 Dungeon Crawl Stone Soup version 0.29-a0-841-g116ddc6ace (webtiles) character file.

Game seed: 17324170924785761680

39348 mathmaestro the Black Sun (level 13, -6/104 HPs)
             Began as a Demonspawn Necromancer on July 14, 2022.
             Was a High Priest of Kikubaaqudgha.
             Killed from afar by a swamp worm (10 damage)
             ... with a harpoon shot
             ... on level 5 of the Lair of Beasts.
             The game lasted 01:24:03 (20865 turns).

mathmaestro the Black Sun (Demonspawn Necromancer) Turns: 20865, Time: 01:24:06

Health: -6/104     AC: 16    Str:  9    XL:     13   Next: 68%
Magic:  0/27       EV: 15    Int: 26    God:    Kikubaaqudgha [*****.]
Gold:   1020       SH: 10    Dex: 15    Spells: 2/32 levels left

rFire   . . .      SeeInvis .   o - staff of death
rCold   . . .      Faith    .   w - +0 buckler
rNeg    + . .      Spirit   +   u - +3 leather armour
rPois   .          Reflect  +   F - +2 helmet
rElec   .          Harm     .   l - +0 cloak
rCorr   .          Rampage  .   a - +0 pair of gloves
Will    .....                   (no boots)
Stlth   ++........              P - amulet of reflection
HPRegen 0.27/turn               h - +4 ring of evasion
MPRegen 0.40/turn               x - +4 ring of protection

@: lethally poisoned (-6 -> -31), slowed, very slow
A: hooves 2, magic shield, magic regeneration, big brain 3
a: Renounce Religion, Unearth Wretches, Torment


You were on level 5 of the Lair of Beasts.
You worshipped Kikubaaqudgha.
Kikubaaqudgha was extremely pleased with you.
You visited 3 branches of the dungeon, and saw 17 of its levels.

You collected 1020 gold pieces.

Inventory:

Hand Weapons
 g - a +4 hand axe
 p - the +6 spear of the Silent Majority {vorpal, rElec rPois rC+ Int-4}
   (You found it on level 2 of the Dungeon)

   It inflicts extra damage upon your enemies.
   Int:       It affects your intelligence (-4).
   rC:        It protects you from cold.
   rElec:     It insulates you from electricity.
   rPois:     It protects you from poison.
Missiles
 d - 4 boomerangs (quivered)
Armour
 a - a +0 pair of gloves (worn)
 l - a +0 cloak (worn)
 u - a +3 leather armour (worn)
 w - a +0 buckler (worn)
 F - a +2 helmet (worn)
Magical Staves
 o - a staff of death (weapon)
Jewellery
 c - a +6 ring of intelligence
 h - a +4 ring of evasion (left hand)
 i - a ring of protection from fire
 n - a ring of resist corrosion
 s - a +6 ring of strength
 x - a +4 ring of protection (right hand)
 K - a ring of positive energy
 P - an amulet of reflection (around neck)
Wands
 j - a wand of iceblast (2)
 y - a wand of polymorph (5)
 D - a wand of mindburst (14)
 E - a wand of quicksilver (11)
 J - a wand of paralysis (4)
Scrolls
 e - 5 scrolls of enchant weapon
 k - 7 scrolls of teleportation
 A - 4 scrolls of identify
 I - a scroll of magic mapping
 L - a scroll of summoning
 M - a scroll of silence
 O - a scroll of enchant armour
Potions
 b - a potion of magic
 f - a potion of might
 m - a potion of resistance
 q - 2 potions of brilliance
 r - 2 potions of lignification
 t - a potion of berserk rage
 v - 3 potions of curing
 z - 2 potions of ambrosia
 B - a potion of mutation
 C - 4 potions of flight
 G - a potion of haste
 N - a potion of heal wounds


   Skills:
 + Level 10.6 Fighting
 - Level 5.0 Armour
 - Level 2.0 Dodging
 - Level 2.0 Stealth
 - Level 5.0 Shields
 + Level 10.0 Spellcasting
 + Level 12.3 Necromancy
 + Level 3.2 Ice Magic
 + Level 7.8 Earth Magic
 + Level 9.9 Evocations


You had 2 spell levels left.
You knew the following spells:

 Your Spells              Type           Power      Damage    Failure   Level
a - Necrotise             Necr           100%       1d9       1%          1
b - Animate Dead          Necr           86%        N/A       1%          4
c - Sublimation of Blood  Necr           86%        N/A       1%          2
d - Vampiric Draining     Necr           86%        2d12      1%          3
e - Borgnjor's Vile Clut  Necr/Erth      39%        N/A       1%          5
f - Dispel Undead         Necr           86%        3d28      1%          4
g - Agony                 Necr           86%        N/A       1%          5
h - Simulacrum            Ice/Necr       34%        N/A       21%         6

Your spell library contained the following spells:

 Spells                   Type           Power      Damage    Failure   Level
 Sandblast                Erth           100%       2d20      1%          1
 Passwall                 Tmut/Erth      27%        N/A       1%          2
 Apportation              Tloc           26%        N/A       3%          1
 Sting                    Tmut/Pois      52%        1d5       3%          1
 Summon Small Mammal      Summ           52%        N/A       3%          1
 Poisonous Vapours        Pois/Air       26%        N/A       4%          2
 Static Discharge         Conj/Air       13%        3-5/arc   4%          2
 Stone Arrow              Conj/Erth      66%        3d11      1%          3
 Death Channel            Necr           43%        N/A       3%          6
 Corpse Rot               Necr/Pois/Air  51%        N/A       6%          4
 Petrify                  Tmut/Erth      33%        N/A       6%          4
 Ignite Poison            Fire/Tmut/Pois 13%        N/A       10%         3
 Mephitic Cloud           Conj/Pois/Air  13%        N/A       10%         3
 Portal Projectile        Hex/Tloc       26%        N/A       10%         3
 Tukima's Dance           Hex            13%        N/A       10%         3
 Iskenderun's Mystic Bla  Conj/Tloc      13%        2d5       30%         4
 Olgreb's Toxic Radiance  Pois           13%        N/A       30%         4
 Sticky Flame             Conj/Fire      13%        2d4       30%         4
 Freezing Cloud           Conj/Ice/Air   9%         6-21      45%         5
 Alistair's Intoxication  Tmut/Pois      8%         N/A       61%         5
 Blade Hands              Tmut           6%         N/A       61%         5
 Irradiate                Conj/Tmut      6%         3d13      61%         5


Dungeon Overview and Level Annotations

Branches:
Dungeon (10/15)            Temple (1/1) D:6            Lair (6/6) D:10
 Shoals (0/4) Lair:2       Spider (0/4) Lair:3        Slime (0/5) Lair:5
    Orc: D:9-12

Altars:
Ashenzari
Cheibriados
Dithmenos
Fedhas
Gozag
Hepliaklqana
Kikubaaqudgha
Makhleb
Nemelex Xobeh
Okawaru
Qazlal
Ru
Sif Muna
Trog
Uskayaw
Vehumet
Wu Jian
Xom
Yredelemnul

Shops:
D:7 :

Annotations:
Lair:5 1 transporter


Innate Abilities, Weirdness & Mutations

You have hoof-like feet.
When hurt, damage is shared between your health and your magic reserves.
You regenerate magic rapidly.
You have an absolutely massive brain. (Int +6, Wiz)


Message History

The swamp worm fires a harpoon shot at you.
The harpoon shot misses your water moccasin zombie.
The swamp worm fires a harpoon shot at you.
The harpoon shot hits you but does no damage.
The swamp worm fires a harpoon shot at you.
The harpoon shot hits you!
You are yanked forward by the harpoon shot.
You collide with the briar patch!
The briar patch is moderately damaged.
Unknown command.
Blink to where?
Press: ? - help, Dir - move target
As you read the scroll of blinking, it crumbles to dust.
You are engulfed in dark miasma.
You are poisoned.
You feel extremely sick.
The swamp worm fires a harpoon shot at you.
The harpoon shot hits you!
You are yanked forward by the harpoon shot.
You collide with the briar patch!
The briar patch is moderately damaged.
You open the door.
You are engulfed in dark miasma.
You are lethally poisoned!
You feel yourself slow down.
* * * LOW HITPOINT WARNING * * *
You feel extremely sick.
Unknown command.
* * * LOW HITPOINT WARNING * * *
You feel extremely sick.
The swamp worm fires a harpoon shot at you.
The harpoon shot hits you!
* * * LOW HITPOINT WARNING * * *
You are yanked forward by the harpoon shot.
You collide with the briar patch!
The briar patch is severely damaged.
* * * LOW HITPOINT WARNING * * *
The swamp worm fires a harpoon shot at you.
The harpoon shot hits you!
You die...
Kikubaaqudgha rasps: "You have failed me!
Welcome... death!"

#..#.###......##
##.........Z...##
#........###...#
##......©...#Z.P#
#.....#####.#..##
#.....#=©[#.##.#
#..#..#[//#....#
###..####'####..###
#....#w≈P@P≈##....#
##...##§P^P≈w#...##
#.#..#♣≈P^○###...#
###..###Z^P§w#..P#
#..#w≈P^P≈##.###
##..##≈P^P§w#..#
#...#♣≈P^P≈##..#
##..###P©P###..#
#.....#####....#


You could see 5 swamp worms and a friendly water moccasin zombie.

Vanquished Creatures
  Gastronok (Lair:1)
  A boulder beetle (Lair:2)
  3 hydras
  2 two-headed ogres
  6 death yaks
  The ghost of SirDiesAlot the Magician, a novice DEEE of Vehumet (D:7)
  6 elephants
  An orange demon (D:9)
  5 cane toads
  Maggie (D:10)
  7 komodo dragons
  A kobold demonologist (D:9)
  A rime drake (Lair:3)
  A troll (D:10)
  Prince Ribbit (D:9)
  3 culicivoras
  7 blink frogs (Lair:1)
  A snapping turtle (Lair:2)
  21 yaks
  3 wyverns
  Eustachio (D:5)
  2 basilisks
  2 steam dragons
  Menkaure (D:7)
  2 wargs
  An acid dragon (D:9)
  11 water moccasins
  Pargi (D:3)
  3 ice beasts
  A sky beast (D:5)
  2 black bears
  2 orc warriors (D:7)
  3 ogres
  2 wolves (Lair:2)
  5 centaurs
  13 bullfrogs
  A kobold brigand (D:10)
  A gnoll sergeant (D:8)
  4 scorpions
  4 wights
  3 howler monkeys
  3 lava snakes (D:8)
  5 hounds
  2 jellies
  4 orc priests
  A gnoll bouda (D:8)
  An iguana (D:7)
  10 orc wizards
  9 gnolls
  11 adders
  A shadow imp (D:6)
  2 white imps
  An ufetubus (D:4)
  3 dart slugs
  31 orcs
  8 bats
  2 bat zombies (D:4)
  4 endoplasms
  4 giant cockroaches
  4 goblins
  3 hobgoblins
  10 kobolds
  3 quokkas
  5 ball pythons
  A frilled lizard (D:1)
  3 rats (D:1)
269 creatures vanquished.

Vanquished Creatures (collateral kills)
  A hydra (Lair:5)
  7 death yaks (Lair:5)
  Amaemon (D:9)
  An oklob plant (Lair:4)
  Maurice (D:9)
  2 elephants (Lair:3)
  Joseph (D:9)
  A black mamba (Lair:5)
  8 cane toads
  A rime drake (Lair:2)
  A komodo dragon (Lair:1)
  A blink frog (Lair:1)
  9 yaks
  A wyvern (Lair:4)
  A steam dragon (D:8)
  2 vampire mosquitoes (D:10)
  A warg (D:10)
  5 water moccasins
  A wolf (Lair:2)
  4 bullfrogs
  A jelly (D:5)
  An orc priest (D:7)
  3 gnolls (D:8)
  A white imp (D:8)
  An ufetubus (D:6)
  2 orcs (D:7)
  A goblin (D:1)
  2 kobolds
62 creatures vanquished.

Vanquished Creatures (others)
  A cane toad zombie (Lair:1)
  A two-headed ogre zombie (D:9)
  2 blink frog zombies (Lair:1)
  A kobold brigand (D:9)
  A wyvern zombie (Lair:5)
  2 water moccasin zombies
  A demonspawn zombie (D:9)
  5 yak zombies
  3 wolf zombies (Lair:2)
  2 bullfrog zombies
  4 kobold zombies
  An adder (D:9)
  A jelly zombie (D:8)
  9 orc zombies
  An adder zombie (D:9)
  A goblin (D:9)
  4 gnoll zombies (D:8)
  A goblin zombie (D:9)
  A bush (Lair:5)
  42 fungi
  80 plants
  2 withered plants (D:7)
166 creatures vanquished.

Grand Total: 497 creatures vanquished

Notes
Turn   | Place    | Note
-------+----------+-------------------------------------------
     0 | D:1      | mathmaestro the Demonspawn Necromancer began the quest for
                  | the Orb.
     0 | D:1      | Reached XP level 1. HP: 13/13 MP: 3/3
   341 | D:1      | Gained mutation: You have large cloven feet. [demonic
                  | ancestry]
   341 | D:1      | Reached XP level 2. HP: 20/20 MP: 3/5
  1135 | D:2      | Reached skill level 1 in Fighting
  1250 | D:2      | Reached skill level 1 in Armour
  1250 | D:2      | Gained mutation: You have an unusually large brain. (Int
                  | +2) [demonic ancestry]
  1250 | D:2      | Reached XP level 3. HP: 21/26 MP: 0/6
  1405 | D:2      | Reached XP level 4. HP: 32/32 MP: 4/7
  1645 | D:2      | Identified the +6 spear of the Silent Majority {vorpal,
                  | rElec rPois rC+ Int-4}
  1847 | D:2      | Learned a level 4 spell: Animate Dead
  2021 | D:2      | Found a faded altar of an unknown god.
  2052 | D:2      | Reached skill level 5 in Necromancy
  2350 | D:3      | Noticed Pargi
  2354 | D:3      | Killed Pargi
  2355 | D:3      | Reached XP level 5. HP: 39/39 MP: 5/9
  3261 | D:4      | Gained mutation: You have an extremely huge brain. (Int +4)
                  | [demonic ancestry]
  3261 | D:4      | Reached XP level 6. HP: 46/46 MP: 3/10
  3639 | D:4      | Found an ancient bone altar of Kikubaaqudgha.
  3647 | D:4      | Became a worshipper of Kikubaaqudgha
  4154 | D:5      | Entered Level 5 of the Dungeon
  4163 | D:5      | Reached skill level 1 in Evocations
  4236 | D:5      | Noticed a sky beast
  4252 | D:5      | Killed a sky beast
  4424 | D:5      | Reached XP level 7. HP: 52/52 MP: 8/12
  4586 | D:5      | Reached skill level 6 in Necromancy
  4700 | D:5      | Found an ornate altar of the Wu Jian Council.
  4713 | D:5      | Found a sacrificial altar of Ru.
  4991 | D:5      | Noticed Eustachio
  5005 | D:5      | Killed Eustachio
  5331 | D:6      | Reached skill level 1 in Shields
  5331 | D:6      | Gained mutation: You regenerate magic rapidly. [demonic
                  | ancestry]
  5331 | D:6      | Reached XP level 8. HP: 60/60 MP: 7/14
  5816 | D:6      | Reached * piety under Kikubaaqudgha
  5816 | D:6      | Received a gift from Kikubaaqudgha
  5822 | D:6      | Learned a level 2 spell: Sublimation of Blood
  5835 | D:6      | Learned a level 3 spell: Vampiric Draining
  5891 | D:6      | Found a staircase to the Ecumenical Temple.
  5907 | Temple   | Entered the Ecumenical Temple
  6796 | D:7      | Found Qaakaoma's Book Boutique.
  6931 | D:7      | Reached skill level 5 in Fighting
  6931 | D:7      | Reached skill level 7 in Necromancy
  6972 | D:7      | Reached skill level 5 in Spellcasting
  6974 | D:7      | Reached XP level 9. HP: 66/68 MP: 1/16
  7217 | D:7      | Noticed Menkaure
  7341 | D:7      | Killed Menkaure
  7617 | D:7      | Reached ** piety under Kikubaaqudgha
  7771 | D:7      | Found a runed translucent door.
  7772 | D:7      | Noticed SirDiesAlot's ghost (novice DEEE)
  8205 | D:8      | Reached skill level 5 in Armour
  8281 | D:8      | Reached skill level 5 in Evocations
  9225 | D:8      | Reached skill level 8 in Necromancy
  9526 | D:8      | Got Sif Muna's Teachings on Chthonic Combat Magic
  9577 | D:8      | Found a hazy altar of Hepliaklqana.
  9669 | D:8      | Reached *** piety under Kikubaaqudgha
  9669 | D:8      | Received a gift from Kikubaaqudgha
  9676 | D:8      | Learned a level 5 spell: Borgnjor's Vile Clutch
  9697 | D:8      | Gained mutation: When hurt, damage is shared between your
                  | health and your magic reserves. [demonic ancestry]
  9697 | D:8      | Reached XP level 10. HP: 65/76 MP: 6/19
 10120 | D:9      | Noticed Amaemon
 10120 | D:9      | Noticed an orange demon
 10138 | D:9      | Killed Amaemon
 10139 | D:9      | Reached skill level 1 in Earth Magic
 10141 | D:9      | Killed an orange demon
 10359 | D:9      | Noticed Joseph
 10376 | D:9      | Killed Joseph
 10521 | D:9      | Identified the +6 short sword "Toiro" {spect, rCorr}
 10546 | D:9      | Noticed Maurice
 10567 | D:9      | Your ally Amaemon died
 10579 | D:9      | Killed Maurice
 10592 | D:9      | Noticed Prince Ribbit
 10611 | D:9      | Killed Prince Ribbit
 10701 | D:9      | Reached skill level 5 in Shields
 10953 | D:9      | Learned a level 4 spell: Dispel Undead
 11419 | D:10     | Entered Level 10 of the Dungeon
 11437 | D:10     | Reached skill level 9 in Necromancy
 11733 | D:10     | Found a staircase to the Lair.
 11864 | D:10     | Reached XP level 11. HP: 52/84 MP: 14/21
 12313 | D:10     | Noticed a two-headed ogre
 12320 | D:10     | Noticed Maggie
 12338 | D:10     | Killed Maggie
 12727 | D:10     | Killed a two-headed ogre
 12912 | D:10     | Learned a level 5 spell: Agony
 13219 | Lair:1   | Entered Level 1 of the Lair of Beasts
 13232 | Lair:1   | Noticed Gastronok
 13269 | Lair:1   | Killed Gastronok
 13788 | Lair:1   | Reached skill level 10 in Necromancy
 14016 | Lair:1   | Reached **** piety under Kikubaaqudgha
 14017 | Lair:1   | Reached skill level 5 in Earth Magic
 14081 | D:10     | HP: 1/87 [cane toad (6)]
 14755 | Lair:2   | Noticed a boulder beetle
 14793 | Lair:2   | Killed a boulder beetle
 14794 | Lair:2   | Gained mutation: You have hoof-like feet. [demonic
                  | ancestry]
 14794 | Lair:2   | Reached XP level 12. HP: 81/94 MP: 2/24
 15022 | Lair:2   | Found a staircase to the Shoals.
 15975 | Lair:3   | Noticed a seven-headed hydra
 16045 | Lair:2   | Killed a seven-headed hydra
 16184 | Lair:2   | Reached skill level 11 in Necromancy
 16665 | Lair:3   | Found a hole to the Spider Nest.
 16710 | Lair:2   | HP: 1/96 [culicivora (13)]
 16955 | D:7      | Killed SirDiesAlot's ghost
 18195 | Lair:4   | Reached skill level 10 in Fighting
 18375 | Lair:4   | Gained mutation: You have an absolutely massive brain. (Int
                  | +6, Wiz) [demonic ancestry]
 18375 | Lair:4   | Reached XP level 13. HP: 103/103 MP: 26/26
 18382 | Lair:4   | Learned a level 6 spell: Simulacrum
 18887 | Lair:4   | Reached ***** piety under Kikubaaqudgha
 19061 | Lair:5   | Reached skill level 1 in Ice Magic
 19354 | Lair:5   | Found a staircase to the Slime Pits.
 19528 | Lair:5   | Reached skill level 12 in Necromancy
 20207 | Lair:5   | Reached skill level 10 in Spellcasting
 20371 | Lair:5   | Found a transporter.
 20374 | Lair:5   | You fall into a shaft and drop 1 floor!
 20374 | Lair:6   | Entered Level 6 of the Lair of Beasts
 20806 | Lair:5   | Found a transporter.
 20865 | Lair:5   | HP: 4/104 [briar patch collision (3)]
 20865 | Lair:5   | Killed from afar by a swamp worm

Illustrated notes

Levels and vault maps discovered:
D:1:      minmay_arrival_up_and_down, layout_basic
D:2:      layout_basic, hellmonk_ecumenical_altar_run_dry, basic_altar
D:3:      layout_basic, interstate_on_off, serial_bayou_lake_a, uniq_pargi
D:4:      layout_rooms, lemuel_zombie_altar_kikubaaqudgha, lemuel_flame_loot_1
D:5:      layout_rooms, mainiacjoe_overflow_alcove_1,
          mainiacjoe_overflow_chevrons, nicolae_ru_sacrificial_ziggurat,
          uniq_eustachio
D:6:      nicolae_cairo_tiling_large_dashed, layout_loops_ring,
          minmay_temple_entry_statues_pillars, serial_rivers,
          chequers_serial_rivers_small_3, chequers_serial_rivers_small_a,
          chequers_serial_rivers_room_a, chequers_serial_rivers_micro_a,
          chequers_serial_rivers_large_b, chequers_serial_rivers_large_a
D:7:      layout_rooms, serial_shops, shop, gammafunk_ghost_grave, uniq_menkaure
D:8:      layout_gridville, amcnicky_altar_gilded, kennysheep_boxes
D:9:      layout_roguey, uniq_amaemon, uniq_prince_ribbit1, uniq_joseph,
          uniq_maurice
D:10:     layout_rooms, erik_lair_orcish_takeover, serial_co_window_serial,
          co_window_paths_b, co_window_paths_b, co_window_paths_a,
          co_window_of_opportunity_a, co_window_paths_a, co_window_cross_3,
          co_window_unsneaky_path_b, co_window_broadway_c, co_window_broadway_c,
          co_window_broadway_a, co_window_paths_e, glass_columns_a,
          glass_columns_b, glass_columns_b, glass_columns_c, glass_columns_b,
          uniq_maggie
Temple:   nicolae_temple_bog_church
Lair:1:   layout_misc_corridors, uniq_gastronok
Lair:2:   layout_roguey, minmay_shoals_entry_hut, serial_bayou_shore_b
Lair:3:   layout_gridlike, hellmonk_spider_entry_life_and_decay
Lair:4:   layout_loops_ring
Lair:5:   gammafunk_worm_tunnel, layout_layer_cave, slime_entry_1,
          nicolae_lair_grazing_beasts [nicolae_sub_lair_graze_edge,
          nicolae_sub_lair_graze_edge, nicolae_sub_lair_graze_edge,
          nicolae_sub_lair_graze_edge]
Lair:6:   grunt_lair_end_beastmaster, layout_regular_city,
          infiniplex_staircase_pool_2, uniq_josephine

Skill      XL: |  1  2  3  4  5  6  7  8  9 10 11 12 13 |
---------------+----------------------------------------+-----
Stealth        | 2 |  2.0
Dodging        | 2 |  2.0
Fighting       | 1 2 3 4 5 6 7 8 10 | 10.6
Armour         | 1 2 3 4 5 |  5.0
Necromancy     | 5 6 7 8 9 10 11 12 | 12.3
Spellcasting   | 3 4 5 6 7 8 9 10 | 10.0
Evocations     | 1 3 4 5 6 7 9 |  9.9
Shields        | 1 2 4 5 |  5.0
Earth Magic    | 3 5 6 7 |  7.8
Ice Magic      | 3 |  3.2

Action                   |  1- 3 |  4- 6 |  7- 9 | 10-12 | 13-15 || total
-------------------------+-------+-------+-------+-------+-------++-------
Melee: Dagger            |    16 |    30 |    10 |       |       ||    56
       Kick              |     1 |     5 |    30 |   118 |    30 ||   184
       Punch             |       |     1 |       |       |       ||     1
       Spear             |       |       |   108 |   329 |       ||   437
       Staff             |       |       |       |    30 |    67 ||    97
Throw: Boomerang         |       |       |       |     1 |     2 ||     3
 Cast: Necrotise         |    50 |    89 |   178 |    12 |     2 ||   331
       Vampiric Draining |       |       |    39 |   157 |    11 ||   207
       Sublimation of Bl |       |       |     7 |    23 |       ||    30
       Animate Dead      |       |       |     5 |    12 |     6 ||    23
       Borgnjor's Vile C |       |       |       |    23 |    14 ||    37
       Agony             |       |       |       |    13 |     1 ||    14
       Dispel Undead     |       |       |       |     1 |       ||     1
       Simulacrum        |       |       |       |       |     4 ||     4
Invok: Unearth Wretches  |       |       |       |     1 |       ||     1
Evoke: Wand              |       |     1 |     1 |     2 |       ||     4
  Use: Potion            |     1 |       |     4 |     7 |       ||    12
       Scroll            |       |    10 |     4 |    12 |     1 ||    27
 Stab: Distracted        |       |     1 |       |       |       ||     1
       Sleeping          |       |     1 |       |     1 |       ||     2
       Paralysed         |       |       |       |     1 |       ||     1
Armor: Robe              |     5 |     6 |       |       |       ||    11
       Leather armour    |       |    19 |    80 |   245 |    41 ||   385
Dodge: Dodged            |    38 |    76 |   204 |   435 |    75 ||   828
Block: Buckler           |       |       |    68 |   182 |    31 ||   281

Table legend: (Time is in decaauts)
 A = Elapsed time spent in this place.
 B = Non-inter-level travel time spent in this place.
 C = Inter-level travel time spent in this place.
 D = Time resting spent in this place.
 E = Time spent auto-exploring this place.
 F = Levels seen in this place.
 G = Mean time per level.
                   A        B        C        D        E       F      G
               +--------+--------+--------+--------+--------+-----+--------+
         Total |  21059 |  20165 |    894 |   5352 |  10912 |  17 | 1238.8 |
       Dungeon |  13865 |  13182 |    683 |   3776 |   7128 |  10 | 1386.5 |
        Temple |    182 |    158 |     24 |      0 |    143 |   1 |  182.0 |
          Lair |   7012 |   6826 |    186 |   1576 |   3640 |   6 | 1168.7 |
               +--------+--------+--------+--------+--------+-----+--------+

Top non-repeatable levels by time:
     D:7: 2185 daAuts
     D:9: 2141 daAuts
    D:10: 1688 daAuts
  Lair:2: 1653 daAuts
  Lair:5: 1519 daAuts
     D:6: 1417 daAuts
  Lair:3: 1354 daAuts
  Lair:4: 1283 daAuts
     D:4: 1212 daAuts
  Lair:1: 1191 daAuts
     D:2: 1170 daAuts
     D:8: 1165 daAuts
     D:5: 1078 daAuts
     D:1: 983 daAuts
     D:3: 822 daAuts
